AoeStats
← TIMVP

Lombardia

508539143Analyzed
2v2 RM · 9d ago on Sep 22, 2026· 57m 58s· 4 players
Game mode
Random Map
Map size
Medium (4 player)
Population
200
Speed
Normal
Resources
Standard
Victory
Conquest
Starting age
Dark Age
Ending age
Imperial Age
RankedLock teamsTeams togetherTeam positionsShared explorationLock speedFull tech treeHidden civsTurbo modeCheats
Victory
Defeat
🇵🇪 Poles · Peru
722
+12
🇵🇪 Malians · Peru
710
+12
🇧🇷 Turks · Brazil
655
-13
🇧🇷 Mapuche · Brazil
595
-11
Freecss
9:11 Loom
12:18 Feudal Age
12:57 Horse Collar
13:03 Double-Bit Axe
13:11 Gold Mining
14:03 Wheelbarrow
14:31 Town Watch
19:56 Fletching
23:08 Stone Mining
23:12 Man-at-Arms
25:55 Castle Age
24:41 Arson
26:07 Forging
26:53 Hand Cart
27:32 Thumb Ring
27:29 Squires
27:31 Heavy Plow
27:43 Bow Saw
27:48 Town Patrol
27:19 Long Swordsman
31:21 Bloodlines
31:13 Husbandry
31:54 Iron Casting
31:18 Bodkin Arrow
32:17 Iron Casting
32:57 Gold Shaft Mining
38:48 Imperial Age
36:21 Scale Mail Armor
38:55 Chain Mail Armor
38:46 Murder Holes
38:32 Treadmill Crane
40:07 Conscription
39:12 Elite Janissary
40:28 Bracer
40:53 Ballistics
50:51 Heavy Camel Rider
57:17 Scale Barding Armor
SAFIRA
5:04 Loom
10:45 Feudal Age
12:03 Wheelbarrow
14:18 Double-Bit Axe
18:34 Horse Collar
18:43 Horse Collar
24:14 Castle Age
22:53 Gold Mining
25:38 Bow Saw
26:03 Heavy Plow
26:54 Fervor
26:35 Pikeman
29:08 Hand Cart
30:34 Town Watch
30:47 Elite Skirmisher
32:22 Arson
33:01 Town Patrol
36:05 Masonry
36:16 Ballistics
35:36 Treadmill Crane
36:44 Malon
41:20 Forging
41:30 Padded Archer Armor
41:20 Fletching
41:32 Scale Mail Armor
47:54 Imperial Age
49:53 Halberdier
TIMVP
3:19 Loom
13:53 Feudal Age
14:23 Double-Bit Axe
15:32 Wheelbarrow
16:02 Stone Mining
21:20 Castle Age
19:12 Man-at-Arms
20:35 Scale Mail Armor
20:37 Gold Mining
22:05 Long Swordsman
27:55 Horse Collar
29:36 Heavy Plow
35:01 Imperial Age
34:09 Szlachta Privileges
35:17 Two-Handed Swordsman
36:19 Chain Mail Armor
36:11 Scale Barding Armor
36:17 Forging
36:37 Hand Cart
36:42 Champion
37:58 Plate Mail Armor
39:19 Husbandry
39:31 Bloodlines
38:42 Cavalier
41:31 Iron Casting
42:43 Chain Barding Armor
43:24 Blast Furnace
45:15 Ballistics
45:56 Chemistry
A†ilA
10:37 Loom
13:24 Feudal Age
15:37 Wheelbarrow
21:21 Castle Age
21:56 Double-Bit Axe
23:31 Forging
23:21 Scale Mail Armor
23:55 Hand Cart
27:46 Imperial Age
26:30 Horse Collar
27:04 Bow Saw
27:56 Ballistics
32:40 Iron Casting
32:20 Chain Mail Armor
35:11 Chemistry
34:33 Hand Cart
36:44 Elite Skirmisher
38:38 Thumb Ring
38:59 Heavy Plow
42:24 Elite Skirmisher
44:52 Conscription
48:06 Elite Gbeto
52:34 Elite Skirmisher
Connection lost

Rejoining the realm…

Still unreachable

The connection could not be restored.

Session expired

The server has moved on; the page needs a fresh start.